trophy.get(), lawful female human Valkyrie --- |..| ---..| |...-- ---.--- |...| --...-- ---- ..@.f..-- |..| .dd.....- |-.| .......`---..-- .---..<....-- --....`..-- --.....).| |..^....| ..%....| ...%....-- ..)......| ......|.-- .....--- .---- trophy.get() the Skirmisher Experience level: 4 Strength: 18 Dexterity: 12 Constitution: 16 Intelligence: 11 Wisdom: 7 Charisma: 11 Health: 0(32) Energy: 6(6) Def: 9 Gold: 234 Moves: 1275 Dungeon seed: BfcUcY2giCSXg3eq Game ID: trophy.get()_1467224323 Your Inventory: Coins $ - 234 gold pieces Weapons a - a +1 long sword (weapon in hand) b - a +0 dagger l - 5 +0 darts Armor n - an uncursed +0 studded leather armor (being worn) s - an uncursed +3 small shield (being worn) y - an uncursed +0 dwarvish cloak (being worn) z - an uncursed +0 pair of iron shoes (being worn) N - an uncursed +0 dwarvish cloak Comestibles c - an uncursed food ration Scrolls h - an uncursed scroll of remove curse k - an uncursed scroll of magic mapping p - an uncursed scroll of teleportation Spellbooks f - an uncursed spellbook of slow monster i - an uncursed spellbook of healing Potions g - an uncursed potion of gain ability Wands m - a wand of lightning (0:2) Tools e - a +0 pick-axe o - 6 uncursed partly used tallow candles named 2 (0:199) t - an uncursed partly used tallow candle named 1 (lit) (0:146) Gems q - an uncursed worthless piece of orange glass r - 2 uncursed worthless pieces of green glass Spells and supernatural/magical abilities: Name Level Category Fail Memory W - pray for help -- divine ? -- Your skills at the end: Fighting Skills wands [Basic] Weapon Skills dagger [Basic] long sword [Basic] Spellcasting Skills Final Attributes: You were stridently aligned. You were cold resistant. You were stealthy. You are dead. Vanquished creatures: a gnome lord a gnomish wizard a little dog 3 dwarves an iguana 8 gnomes a gecko 7 jackals 2 sewer rats 5 grid bugs 2 bats a lichen 3 kobold zombies 6 newts 42 creatures vanquished. Voluntary challenges: You used a wielded weapon 44 times, starting on turn 34. You were illiterate. You never genocided any monsters. You never polymorphed an object. You never changed form. You used no wishes. You never split a pudding. You never wrote Elbereth's name. You violated your moral code, losing 30 points of alignment, starting on turn 965. Dungeon overview: The Dungeons of Doom: levels 1 to 3 Level 1 an altar to Tyr a long staircase Level 2 a potion shop stairs to The Gnomish Mines Level 3 The Gnomish Mines: levels 3 to 4 Level 3 stairs to The Dungeons of Doom Level 4 <- You were here History has recorded: On T:1 you entered the Dungeons of Doom to retrieve the Amulet of Yendor! On T:110 you reached level 2 of The Dungeons of Doom. On T:467 you reached level 1 of The Gnomish Mines. On T:517 you reached level 3 of The Dungeons of Doom. On T:829 you advanced to experience level 2. On T:839 you advanced to experience level 3. On T:876 you advanced to experience level 4. On T:1217 you reached level 2 of The Gnomish Mines. Score breakdown: Gold: 234 ( 8065 points) Experience: 4 levels ( 9649 points) Exploration: 4 levels ( 8.16%) ( 7500 points) Discoveries: 1 item ( 0.40%) ( 1901 points) Valuables value: (no points given unless you survive) Artifact value: 0 ( 0 points) Variety of kills: 14 monsters ( 3.66%) ( 5735 points) Turncount: 1275 turns ( 0 points) Survival: died (score multiplied by 80%) Total score: 26280 Latest messages: You hear some noises in the distance. (3x) You see here a dagger. You hear some noises in the distance. (2x) With great effort you move the boulder. You hear some noises in the distance. You hear some noises nearby. (2x) You hear some noises in the distance. The little dog misses. You hit the little dog! The little dog bites! (2x) You hit the little dog. The little dog bites! You miss the little dog. The little dog bites! (2x) You miss the little dog. The little dog bites! You kill the little dog! The little dog misses. (2x) The little dog bites! You hit the little dog! The little dog bites! (2x) You stop. Your kitten is in the way! The little dog bites! (2x) The little dog misses. The little dog bites! You die... Final status: Farvel trophy.get() the Valkyrie, killed by a little dog... You died in The Gnomish Mines on dungeon level 4 with 26280 points, and 234 pieces of gold, after 1275 moves. You were level 4 with a maximum of 32 hit points when you died.